 Dungeon Crawl Stone Soup version 0.30.1-4-g462c640d31 (webtiles) character file.

Game seed: 8915200132435689666

112 Logoto the Firebug (level 4, 0/35 HPs)
             Began as a Draconian Fire Elementalist on Aug 21, 2023.
             Slain by a gnoll
             ... wielding a +0 flail
             ... led by a gnoll bouda
              (9 damage)
             ... on level 3 of the Dungeon.
             The game lasted 00:06:27 (1840 turns).

Logoto the Firebug (Draconian Fire Elementalist)    Turns: 1840, Time: 00:06:28

Health: 0/35       AC:  6    Str: 13    XL:     4   Next: 63%
Magic:  8/8        EV: 12    Int: 15    God:
Gold:   144        SH:  0    Dex: 11    Spells: 5/8 levels left

rFire   . . .        e - +0 hand axe
rCold   . . .        (no shield)
rNeg    . . .        (body armour unavailable)
rPois   .            (helmet restricted)
rElec   .            (no cloak)
rCorr   .            h - +0 pair of gloves
SInv    .            (no boots)
Will    .....        b - amulet of magic regeneration
Stlth   ++           (no ring)
HPRegen 0.25/turn    (no ring)
MPRegen 0.51/turn

%: no passive effects
@: weakened
A: AC +5, unfitting armour, cold-blooded
a: no special abilities


You were on level 3 of the Dungeon.
You visited 1 branch of the dungeon, and saw 3 of its levels.

You collected 144 gold pieces.

Inventory:

Hand Weapons
 e - a +0 hand axe (weapon)
Missiles
 k - 10 stones
Armour
 h - a +0 pair of gloves (worn)
Jewellery
 b - an amulet of magic regeneration (around neck)
Scrolls
 c - 2 scrolls of identify {unknown}
 l - a scroll of fear {unknown}
 m - a scroll of fog {unknown}
 o - a scroll of brand weapon {unknown}
 q - a scroll of teleportation {unknown}
Potions
 a - 2 potions of magic
 d - 3 potions of heal wounds {unknown}
 f - a potion of berserk rage {unknown}
 g - a potion of might {unknown}
 i - a potion of mutation {unknown}
 j - a potion of ambrosia {unknown}
 n - 2 potions of curing {unknown}
 p - a potion of degeneration {unknown}


   Skills:
 + Level 1.2 Fighting
 + Level 0.2 Short Blades
 + Level 1.5 Axes
 + Level 2.0 Dodging
 + Level 2.3 Stealth
 + Level 2.8 Spellcasting
 + Level 1.4 Conjurations
 + Level 3.6 Fire Magic


You had 5 spell levels left.
You knew the following spells:

 Your Spells              Type           Power      Damage    Failure   Level
a - Foxfire               Conj/Fire      36%        2x1d5     7%          1
b - Scorch                Fire           26%        2d6       7%          2

Your spell library contained the following spells:

 Spells                   Type           Power      Damage    Failure   Level
 Shock                    Conj/Air       16%        1d4       16%         1
 Sandblast                Erth           4%         2d4       21%         1
 Inner Flame              Hex/Fire       7%         N/A       28%         3
 Volatile Blastmotes      Fire/Tloc      14%        2d11      28%         3
 Passwall                 Tmut/Erth      1%         N/A       30%         2
 Stone Arrow              Conj/Erth      8%         3d7       41%         3
 Swiftness                Air            2%         N/A       52%         3
 Flame Wave               Conj/Fire      9%         2d6       56%         4
 Airstrike                Air            1%         2d(1-17)  90%         4


Dungeon Overview and Level Annotations

Branches:
Dungeon (3/15)

Altars:


Innate Abilities, Weirdness & Mutations

Your plain brown scales are hard. (AC +5)
You cannot fit into any form of body armour.
You are cold-blooded and may be slowed by cold attacks.


Message History

You feel your attacks grow feeble. The gnoll completely misses you.
Casting: Scorch (safe; 7% risk of failure)
Confirm with . or Enter, or press ? or * to list all spells.
Flames lash the goblin.
You kill the goblin!
The gnoll is no longer more vulnerable to fire.
The gnoll bouda gazes fiercely through you!
You feel as though you will be weak longer.
A gnoll comes into view. It is wielding a +0 club.
The gnoll barely misses you.
The gnoll bouda gazes fiercely through you!
You feel as though you will be weak longer.
The gnoll attacks as you move away! The gnoll barely misses you.
The gnoll closely misses you.
Your magical contamination has completely faded away.
The gnoll attacks as you move away! The gnoll misses you.
The gnoll bouda gazes fiercely through you!
You feel as though you will be weak longer.
The gnoll hits you but does no damage. The gnoll attacks as you move away!
The gnoll hits you with a +0 flail! The gnoll closely misses you.
The gnoll is no longer moving quickly.
The gnoll bouda gazes fiercely through you!
You feel as though you will be weak longer.
The gnoll attacks as you move away! The gnoll closely misses you.
The gnoll misses you.
The gnoll bouda barks out a call to the hunt!
The gnoll picks up the pace!
There is an escape hatch in the floor here.
The gnoll attacks as you move away! The gnoll misses you.
The gnoll is no longer moving quickly.
The gnoll bouda calls upon its god to heal something.
The gnoll attacks as you move away! The gnoll hits you with a +0 flail!
* * * LOW HITPOINT WARNING * * *
The gnoll attacks as you move away! The gnoll hits you but does no damage.
There is a stone staircase leading down here.
You can't go up here!
The gnoll hits you with a +0 flail!
You die...

#........#####..
#.).............
####....†#######
########.....#
##......#.....#
##.............#
#..........#####
#..........##
#...)@......######
#....g...........# .
#................# .
##........#......# #..
#...........###..###..
#.[................#..
#..>........####.....#
#.g.............#.#...
#......[........#..#..


You could see a gnoll bouda and a gnoll.

Vanquished Creatures
  An orc wizard (D:3)
  4 adders
  A worm (D:2)
  3 orcs
  A ball python (D:1)
  2 endoplasms (D:2)
  A giant cockroach (D:1)
  2 goblins
  6 hobgoblins
  5 kobolds
  3 quokkas
  8 bats
  2 frilled lizards
  6 rats
45 creatures vanquished.

Vanquished Creatures (others)
  50 foxfires
50 creatures vanquished.

Grand Total: 95 creatures vanquished

Notes
Turn   | Place    | Note
-------+----------+-------------------------------------------
     0 | D:1      | Logoto the Draconian Fire Elementalist began the quest for
                  | the Orb.
     0 | D:1      | Reached XP level 1. HP: 14/14 MP: 3/3
   215 | D:1      | Reached XP level 2. HP: 12/20 MP: 5/5
   218 | D:1      | Learned a level 2 spell: Scorch
  1098 | D:2      | Reached XP level 3. HP: 26/26 MP: 6/6
  1110 | D:2      | Reached skill level 1 in Axes
  1179 | D:2      | Reached skill level 1 in Fighting
  1583 | D:3      | Reached XP level 4. HP: 35/35 MP: 7/7
  1840 | D:3      | Slain by a gnoll

Illustrated notes

Levels and vault maps discovered:
D:1:      lightli_molten_gateway, layout_loops_ring, minivault_27,
          dreamdust_princess_corridor, nicolae_hexahallways
D:2:      layout_rooms, grunt_decor_fettered, chequers_serial_rivers_large_a
D:3:      layout_rooms

Skill      XL: |  1  2  3  4 |
---------------+-------------+-----
Stealth        | 2 |  2.3
Axes           | 1 |  1.5
Fighting       | 1 |  1.2
Dodging        | 2 |  2.0
Short Blades   | |  0.2
Spellcasting   | |  2.8
Conjurations   | |  1.4
Fire Magic     | |  3.6

Action                     |  1- 3 |  4- 6 || total
---------------------------+-------+-------++-------
  Melee: Hand axe          |   104 |    16 ||   120
         Unarmed           |     3 |       ||     3
         Tailslap          |     9 |     1 ||    10
         Dagger            |     1 |       ||     1
   Cast: Foxfire           |    15 |    13 ||    28
         Scorch            |     3 |     7 ||    10
   Stab: Sleeping          |     5 |       ||     5
 Armour: Skin              |    39 |    17 ||    56
  Dodge: Dodged            |    65 |    30 ||    95
